cohdb
Replays
Latest Replays
All Replays
Popular Replays
Top Player Replays
Match Explorer
How It Works
Community
CoH3 Stats
Reddit
Sign in to upload your games and track your stats! →
Sign in with Steam
Match 46690858
Unlisted
Match 46690858
Overview
Messages
Build Orders
End
Panzergrenadier Squad
Panzergrenadier Squad
Selects Panzerjäger Kommand Battlegroup
Selects Blockade Equipment
Panzergrenadier Squad
Construct Light Support Kompanie
Fire Support Elements
2.5-tonne Medical Truck
Selects Tank Busters
Panzerjäger Squad
Veteran Squad Leaders
Flakvierling Half-track
Panzerjäger Squad
2.5-tonne Medical Truck
Selects Crew Shock Tactics
Vehicle Survival Package
Construct Panzerarmee Kommand
Selects Anti-tank Overwatch
Selects Defensive Positions
Anti-tank Overwatch
Panzer III L Medium Tank
Speedbird
酸萝卜别吃丶
DJS
STday
kcmonino
frank887244
pju5969
ed920704
0
0
Comments
sign in to comment!
No comments posted yet!